 Dungeon Crawl Stone Soup version 0.31-a0-1009-g454b1f1e0a (webtiles) character file.

Game seed: 18292610106760422061

20063 GenialerGandalf the Severer (level 12, -1/112 HPs)
             Began as a Hill Orc Fighter on Nov 15, 2023.
             Was an Elder of Beogh.
             Slain by a skyshark (7 damage)
             ... on level 4 of the Lair of Beasts.
             The game lasted 00:44:37 (12715 turns).

GenialerGandalf the Severer (Hill Orc Fighter)     Turns: 12715, Time: 00:44:38

Health: -1/112     AC: 18    Str: 24    XL:     12   Next: 75%
Magic:  16/16      EV:  9    Int:  8    God:    Beogh [****..]
Gold:   922        SH:  5    Dex: 10    Spells: 11/11 levels left

rFire   + + .        a - +0 war axe (venom)
rCold   . . .        c - +0 buckler
rNeg    . . .        Q - +0 fire dragon scales
rPois   .            f - +2 helmet
rElec   .            T - +0 cloak
rCorr   .            i - +0 pair of gloves
SInv    +            (no boots)
Will    .....        l - amulet of regeneration Stlth
                     s - ring of protection from cold
HPRegen 1.18/turn    R - ring of see invisible
MPRegen 0.15/turn

%: no passive effects
@: no status effects
A: no striking features
a: Renounce Religion, Smiting, Recall Orcish Followers


You were on level 4 of the Lair of Beasts.
You worshipped Beogh.
Beogh was greatly pleased with you.
You visited 3 branches of the dungeon, and saw 15 of its levels.
You also visited: Sewer and Bailey.

You collected 922 gold pieces.

Inventory:

Hand Weapons
 a - a +0 war axe of venom (weapon)
 S - the +8 whip "Snakebite" {venom, curare, rPois}
   (You found it on level 1 of the Lair of Beasts)

   rPois:     It protects you from poison
Missiles
 P - a throwing net
Armour
 b - a +0 scale mail
 c - a +0 buckler (worn)
 f - a +2 helmet (worn)
 i - a +0 pair of gloves (worn)
 q - the +1 leather armour of Huej Opoph {Will++ Str+8}
   (You found it on level 2 of the Lair of Beasts)

   Str+8:     It affects your strength (+8).
   Will++:    It greatly increases your willpower.
 Q - +0 fire dragon scales (worn)
 T - a +0 cloak (worn)
Jewellery
 k - an amulet of faith
 l - an amulet of regeneration (around neck)
 s - a ring of protection from cold (left hand)
 E - a +6 ring of intelligence
 R - a ring of see invisible (right hand)
Wands
 B - a wand of light (12)
 F - a wand of charming (12)
 J - a wand of roots (4)
Scrolls
 e - 5 scrolls of teleportation
 h - 4 scrolls of enchant weapon
 j - 2 scrolls of revelation
 m - 3 scrolls of butterflies
 n - 3 scrolls of noise {unknown}
 o - a scroll of poison
 u - 3 scrolls of enchant armour {unknown}
 v - 2 scrolls of fear {unknown}
 w - 7 scrolls of immolation {unknown}
 y - 6 scrolls of amnesia {unknown}
 C - a scroll of blinking
 D - 2 scrolls of vulnerability {unknown}
 G - 2 scrolls of fog
 I - a scroll of silence {unknown}
 N - a scroll of acquirement
Potions
 d - 3 potions of might
 g - 2 potions of curing
 p - 3 potions of mutation
 r - 3 potions of enlightenment
 t - a potion of degeneration {unknown}
 x - 3 potions of haste {unknown}
 z - 3 potions of attraction {unknown}
 A - 2 potions of invisibility {unknown}
 H - 3 potions of heal wounds {unknown}
 K - a potion of cancellation {unknown}
 L - a potion of resistance {unknown}
 M - a potion of magic {unknown}
 O - a potion of lignification {unknown}


   Skills:
 * Level 12.2 Fighting
 * Level 16.9 Axes
 * Level 11.1 Armour
 * Level 8.5 Shields
 * Level 6.4 Invocations


You had 11 spell levels left.
You didn't know any spells.
Your spell library contained the following spells:

 Spells                   Type           Power      Damage    Failure   Level
 Magic Dart               Conj           0%         1d3       77%         1
 Slow                     Hex            0%         N/A       77%         1
 Searing Ray              Conj           0%         2d4       88%         2
 Confusing Touch          Hex            0%         N/A       98%         3
 Dazzling Flash           Conj/Hex       0%         N/A       98%         3
 Sigil of Binding         Hex            0%         N/A       98%         3
 Summon Guardian Golem    Hex/Summ       0%         N/A       98%         3
 Vampiric Draining        Necr           0%         2d6       98%         3
 Fulminant Prism          Conj/Hex       0%         3d5       100%        4
 Agony                    Necr           0%         N/A       100%        5
 Silence                  Hex/Air        0%         N/A       100%        5
 Orb of Destruction       Conj           0%         9d5       100%        7
 Spellforged Servitor     Conj/Summ      0%         N/A       100%        7


Dungeon Overview and Level Annotations

Branches:
Dungeon (10/15)            Temple (1/1) D:6            Lair (4/5) D:8
 Spider (0/4) Lair:3        Sewer (visited)          Bailey (visited)
  Swamp: Lair:2-3    Shoals: Lair:2-3     Slime: Lair:4-5       Orc: D:9-12

Altars:
Ashenzari
Cheibriados
Dithmenos
Elyvilon
Fedhas
Gozag
Hepliaklqana
Kikubaaqudgha
Makhleb
Nemelex Xobeh
Okawaru
Qazlal
Ru
Sif Muna
Trog
Uskayaw
Vehumet
Wu Jian
Xom
Yredelemnul
Zin
The Shining One

Shops:
D:5 =

Annotations:
D:8 2 transporters, leebro123's ghost, novice OpBr


Message History

You slice the skyshark!!
The skyshark is heavily wounded.
You slash the yak!
You kill the yak!
Beogh accepts your kill.
You barely miss the skyshark.
The skyshark is heavily wounded.
The skyshark bites you but does no damage.
The skyshark tail-slaps you. You block the skyshark's attack.
You closely miss the skyshark.
The skyshark is severely wounded.
The skyshark bites you!
* * * LOW HITPOINT WARNING * * *
The skyshark tastes blood and grows stronger!
The skyshark tail-slaps you.
* * * LOW HITPOINT WARNING * * *
The skyshark tail-slaps you but does no damage.
The skyshark bites you.
* * * LOW HITPOINT WARNING * * *
The skyshark enters a blood-rage!
The skyshark closely misses you. You block the skyshark's attack.
You see here 4 stones.
The skyshark attacks as it pursues you!
The skyshark bites you but does no damage.
The skyshark barely misses you. The skyshark closely misses you.
The skyshark attacks as it pursues you! The skyshark barely misses you.
The skyshark tail-slaps you but does no damage.
You block the skyshark's attack. The skyshark bites you.
* * * LOW HITPOINT WARNING * * *
The skyshark tail-slaps you but does no damage.
You block the skyshark's attack.
You feel better. The skyshark bites you.
* * * LOW HITPOINT WARNING * * *
The skyshark tail-slaps you!
* * * LOW HITPOINT WARNING * * *
The skyshark tail-slaps you but does no damage.
The skyshark bites you!
* * * LOW HITPOINT WARNING * * *
The skyshark closely misses you. The skyshark tail-slaps you!
You die...

.##. .....# ##
.P.#.+.#####.####
#.......#........#
....#>#.#...........
...................#
....#...P..........#
...P......YP@.......
#....P...P.l........
#P.P...8..Y..P......
....8.....8....#...#
#....†......P.## ..#
#[.....<......## .#
#..8..<8<..8...P# .
.......>.........
..P...........#...


You could see a skyshark (berserk, very poisoned) and 2 yaks.

Vanquished Creatures
  Fannar (D:10)
  A lindwurm (Lair:2)
  An orc knight (Bailey)
  A torpor snail (Lair:1)
  5 black mambas (Lair:1)
  6 elephants (Lair:1)
  8 cane toads
  Maggie (D:10)
  An unseen horror (D:8)
  3 komodo dragons (Lair:2)
  3 rime drakes
  A troll (D:10)
  Prince Ribbit (D:7)
  A polar bear (Lair:1)
  3 blink frogs (Lair:4)
  4 wyverns
  6 yaks
  Menkaure (D:7)
  Duvessa (D:7)
  17 water moccasins
  3 orc warriors
  5 wolves (Lair:2)
  5 black bears
  A sky beast (D:5)
  2 ogres
  4 centaurs
  3 kobold brigands
  11 bullfrogs
  3 gnoll sergeants
  5 scorpions
  16 wights
  Dowan (D:7)
  9 killer bees
  2 electric eels (D:6)
  A human zombie (D:4)
  2 hounds
  3 jellies
  2 orc priests (D:10)
  A centaur zombie (D:4)
  A scorpion zombie (D:4)
  2 iguanas
  7 orc wizards
  A malarious merfolk avatar (Sewer)
  A sickly merfolk siren (Sewer)
  A sleepcap (D:8)
  2 hound zombies (D:4)
  2 mummies (D:4)
  14 adders
  22 gnolls
  3 white imps
  6 ufetubi
  An adder zombie (D:4)
  A worm (D:4)
  A dart slug (D:3)
  36 orcs
  4 endoplasms
  4 giant cockroaches
  13 goblins
  14 hobgoblins
  5 jackals
  28 kobolds
  8 quokkas
  7 ball pythons
  4 bats
  7 frilled lizards
  25 rats
365 creatures vanquished.

Vanquished Creatures (collateral kills)
  A yak (Lair:2)
1 creature vanquished.

Vanquished Creatures (others)
  2 orc wizards
  2 orcs
4 creatures vanquished.

Grand Total: 370 creatures vanquished

Notes
Turn   | Place    | Note
-------+----------+-------------------------------------------
     0 | D:1      | GenialerGandalf the Hill Orc Fighter began the quest for
                  | the Orb.
     0 | D:1      | Reached XP level 1. HP: 19/19 MP: 1/1
   267 | D:1      | Reached XP level 2. HP: 22/27 MP: 2/2
   410 | D:1      | Reached skill level 3 in Axes
  1098 | D:2      | Reached XP level 3. HP: 31/33 MP: 3/3
  1380 | D:2      | Reached skill level 4 in Axes
  1388 | D:2      | Reached XP level 4. HP: 38/40 MP: 4/4
  1859 | D:3      | Found a blossoming altar of Fedhas.
  2079 | D:3      | Found a radiant altar of Vehumet.
  2130 | D:3      | Reached XP level 5. HP: 32/47 MP: 5/5
  2499 | D:4      | Reached skill level 5 in Axes
  2814 | D:4      | Noticed a centaur
  2825 | D:4      | Killed a centaur
  2826 | D:4      | Reached XP level 6. HP: 51/53 MP: 6/6
  2845 | D:4      | Reached skill level 6 in Axes
  2905 | D:4      | Found a glowing drain.
  2924 | Sewer    | Entered a sewer
  3571 | D:4      | Reached XP level 7. HP: 55/60 MP: 7/7
  3575 | D:4      | Reached skill level 7 in Axes
  3586 | D:4      | Identified the +6 spear of Fodyalab {pain, rC- Int+6}
  3716 | D:4      | Reached skill level 5 in Fighting
  3728 | D:4      | Found a basalt altar of Yredelemnul.
  3744 | D:4      | Reached skill level 5 in Armour
  3810 | D:4      | Reached skill level 8 in Axes
  3900 | D:5      | Entered Level 5 of the Dungeon
  3930 | D:5      | Reached XP level 8. HP: 58/69 MP: 8/8
  4019 | D:5      | Reached skill level 9 in Axes
  4089 | D:5      | Reached skill level 5 in Shields
  4316 | D:5      | Reached skill level 10 in Axes
  4437 | D:5      | Found Oschad's Jewellery Emporium.
  4577 | D:5      | Reached XP level 9. HP: 76/78 MP: 9/9
  4790 | D:6      | Reached skill level 11 in Axes
  4916 | D:6      | Found a snail-covered altar of Cheibriados.
  4928 | D:6      | Found a staircase to the Ecumenical Temple.
  4939 | Temple   | Entered the Ecumenical Temple
  5464 | D:6      | Became a worshipper of Beogh the Brigand
  5957 | D:7      | Found an opulent altar of Gozag.
  6135 | D:7      | Noticed Duvessa
  6135 | D:7      | Noticed Dowan
  6151 | D:7      | Killed Duvessa
  6152 | D:7      | Reached skill level 12 in Axes
  6158 | D:7      | Killed Dowan
  6282 | D:7      | Noticed Menkaure
  6293 | D:7      | Killed Menkaure
  6356 | D:7      | Noticed Prince Ribbit
  6366 | D:7      | Killed Prince Ribbit
  6367 | D:7      | Reached XP level 10. HP: 50/88 MP: 10/10
  6442 | D:7      | Reached * piety under Beogh
  6700 | D:8      | Reached skill level 13 in Axes
  6771 | D:8      | Noticed a purple ugly thing
  6775 | D:8      | Noticed leebro123's ghost (novice OpBr)
  6778 | D:8      | Found a transporter.
  6822 | D:8      | Found a staircase to the Lair.
  6972 | D:8      | Killed an unseen horror
  7019 | D:8      | Found a hide-covered altar of Uskayaw.
  7127 | D:8      | Found a transporter.
  7130 | D:8      | Noticed a manticore
  7699 | D:9      | Found a shimmering altar of Xom.
  7720 | D:9      | Reached skill level 1 in Invocations
  7739 | D:9      | Found a glowing golden altar of the Shining One.
  7981 | D:10     | Entered Level 10 of the Dungeon
  8023 | D:10     | Noticed Maggie
  8042 | D:10     | Killed Maggie
  8064 | D:10     | Reached ** piety under Beogh
  8258 | D:10     | Found a flagged portal.
  8275 | Bailey   | Entered a bailey
  8309 | Bailey   | Noticed an orc warlord
  8335 | Bailey   | Noticed an orc knight
  8353 | Bailey   | Reached skill level 14 in Axes
  8359 | Bailey   | Killed an orc knight
  8453 | Bailey   | Found a runed translucent gate.
  8456 | Bailey   | Found a runed translucent gate.
  8470 | Bailey   | Found a runed translucent gate.
  8891 | D:10     | Reached XP level 11. HP: 61/97 MP: 11/13
  9289 | D:10     | Noticed Fannar
  9325 | D:10     | Killed Fannar
  9552 | D:10     | Reached *** piety under Beogh
  9942 | Lair:1   | Entered Level 1 of the Lair of Beasts
  9957 | Lair:1   | Reached skill level 10 in Fighting
 10024 | Lair:1   | Reached skill level 15 in Axes
 10780 | Lair:1   | Reached skill level 10 in Armour
 10877 | Lair:1   | Reached skill level 16 in Axes
 10885 | Lair:1   | Reached skill level 5 in Invocations
 10893 | Lair:1   | Reached XP level 12. HP: 46/108 MP: 15/15
 11184 | Lair:1   | Found the +8 whip "Snakebite" {venom, curare, rPois}
 11514 | Lair:1   | Reached **** piety under Beogh
 11595 | Lair:2   | Identified the +0 helmet "Aplan" {Int+3}
 11729 | Lair:2   | Noticed a seven-headed hydra
 11971 | Lair:2   | Identified the +1 leather armour of Huej Opoph {Will++
                  | Str+8}
 12503 | Lair:3   | Found a hole to the Spider Nest.
 12650 | Lair:3   | Noticed a five-headed hydra
 12696 | Lair:4   | Noticed a skyshark
 12715 | Lair:4   | Slain by a skyshark

Illustrated notes

Levels and vault maps discovered:
D:1:      sevenhm_arrival_forest_fort_small_5, layout_loops_corners,
          minmay_quantized
D:2:      layout_loops_ring
D:3:      layout_loops_ring, lemuel_tele_altar, general_overflow_altar
D:4:      kb_forest_paths, layout_basic, lemuel_mausoleum_altar_yredelemnul,
          portal_sewer_entry_d
D:5:      layout_basic, serial_shops, nicolae_shop_real_fake_doors
D:6:      wad_lake_hut, layout_basic, mainiacjoe_overflow_alcove_2,
          minmay_temple_entry_large_hall, grunt_ministairs_9
D:7:      layout_gridville, grunt_gozag_statues, uniq_prince_ribbit1,
          uniq_duvessa, uniq_menkaure
D:8:      layout_basic, old_standard_altar, lair_entry_dummy, nzn_ghost_randoct
D:9:      layout_rooms, nicolae_overflow_hidden_temple
D:10:     layout_basic, enter_bailey_3, minmay_misc_feat_tower,
          chequers_decorated_corner, uniq_maggie, uniq_fannar
Temple:   nicolae_temple_two_arcs
Lair:1:   minmay_guarded_unrand_snakebite, layout_gridlike
Lair:2:   layout_loops_ring, serial_bayou_ford_a, serial_bayou_shore_a,
          grunt_megastairs_2
Lair:3:   layout_cave_pods, palyth_hydra_swamp_entry, dummy_spider_entry,
          grunt_forest_small_clearing_treed, lemuel_fruit_fields
Lair:4:   layout_roguey, minmay_slime_entry_oklob_enclosed, evilmike_ambush
          [evilmike_ambush_outer_basic, evilmike_ambush_inner_basic]

Skill      XL: |  1  2  3  4  5  6  7  8  9 10 11 12 |
---------------+-------------------------------------+-----
Axes           | 3 4 5 6 8 10 12 14 16 | 16.9
Fighting       | 4 5 6 8 9 10 12 | 12.2
Armour         | 4 5 6 7 8 10 11 | 11.1
Shields        | 4 5 6 7 8 |  8.5
Invocations    | 2 5 6 |  6.4

Action                     |  1- 3 |  4- 6 |  7- 9 | 10-12 || total
---------------------------+-------+-------+-------+-------++-------
  Melee: War axe           |   118 |   266 |   370 |   756 ||  1510
 Invoke: Convert to Beogh  |       |       |     1 |       ||     1
    Use: Scroll            |     2 |     5 |     2 |     8 ||    17
         Potion            |       |     1 |     1 |     5 ||     7
   Stab: Confused          |       |       |       |     1 ||     1
 Armour: Scale mail        |    85 |   210 |   314 |   290 ||   899
         Fire dragon scale |       |       |       |   328 ||   328
  Dodge: Dodged            |    59 |   132 |   148 |   295 ||   634
  Block: Buckler           |    27 |    72 |    81 |   187 ||   367

Table legend: (Time is in decaauts)
 A = Elapsed time spent in this place.
 B = Non-inter-level travel time spent in this place.
 C = Inter-level travel time spent in this place.
 D = Time resting spent in this place.
 E = Time spent auto-exploring this place.
 F = Levels seen in this place.
 G = Mean time per level.
                   A        B        C        D        E       F      G
               +--------+--------+--------+--------+--------+-----+--------+
         Total |  12809 |  12078 |    731 |    897 |   7578 |  17 |  753.5 |
       Dungeon |   9316 |   8636 |    680 |    490 |   6021 |  10 |  931.6 |
        Temple |     19 |     19 |      0 |      0 |      0 |   1 |   19.0 |
          Lair |   2573 |   2522 |     51 |    407 |   1427 |   4 |  643.2 |
         Sewer |    476 |    476 |      0 |      0 |     58 |   1 |  476.0 |
        Bailey |    424 |    424 |      0 |      0 |     71 |   1 |  424.0 |
               +--------+--------+--------+--------+--------+-----+--------+

Top non-repeatable levels by time:
  Lair:1: 1633 daAuts
    D:10: 1467 daAuts
     D:6: 1160 daAuts
     D:4: 1050 daAuts
     D:8: 1036 daAuts
     D:1: 1033 daAuts
     D:2: 788 daAuts
     D:5: 788 daAuts
     D:7: 778 daAuts
     D:3: 737 daAuts
   Sewer: 476 daAuts
     D:9: 475 daAuts
  Lair:2: 467 daAuts
  Lair:3: 443 daAuts
  Bailey: 424 daAuts
